cohdb
Replays
Latest Replays
All Replays
Popular Replays
Top Player Replays
Match Explorer
How It Works
Community
CoH3 Stats
Reddit
Sign in to upload your games and track your stats! →
Sign in with Steam
Match 39965926
Unlisted
Match 39965926
Overview
Messages
Build Orders
End
Construct Section Command Post
Royal Engineer Section
Selects Canadian Shock Battlegroup
Infantry Section
Dingo Light Scout Car
Infantry Section
Selects Attacking Spirit
Selects Canadian Shock Section
Canadian Shock Section
Construct Field Infirmary
Construct Platoon Command Post
Selects Incendiary Munitions
6-pounder Anti-tank Gun Team
Construct Company Command Post
Foot Guards Section
Unlock M3 Grant Medium Tanks
Selects Burnout
Selects Pyrotechnics
M3 Grant Medium Tank
Burnout
Vickers Machine Gun Team
M3 Grant Medium Tank
Selects Churchill Crocodile Heavy Tank
BigTiddyLebron
kreumat
aleX ツ
ixo4567
0
0
Comments
sign in to comment!
No comments posted yet!